[Event "Titled Tuesday Blitz July 11 Late 2023"]
[White "Al Mukhaini, Shima"]
[Black "Bettalli, Francesco"]
[WhiteFideId "22005854"]
[BlackFideId "2816453"]
[WhiteElo "2301"]
[BlackElo "2472"]
[Result "1-0"]
[Round "5"]
[TimeControl "180+2"]
[Date "2023.07.11"]
[WhiteClock "0:00:38"]
[BlackClock "0:01:09"]
[Board "135"]

1. b3 e5 2. Bb2 d6 3. e3 g6 4. d4 Bg7 5. dxe5 Nd7 6. Nf3 Nxe5 7. Nxe5 Bxe5 8. Bxe5 dxe5 9. Qxd8+ Kxd8 10. Nc3 c6 11. O-O-O+ Kc7 12. Ne4 Ne7 13. Nf6 Be6 14. Bc4 Bxc4 15. Rd7+ Kb6 16. Rxe7 Be6 17. Rd1 Rhd8 18. Nxh7 Rxd1+ 19. Kxd1 Rh8 20. Ng5 Rxh2 21. Nxe6 fxe6 22. Rxe6 Rxg2 23. Ke2 Rg5 24. Re7 a5 25. a4 Ka6 26. c4 Rf5 27. e4 Rh5 28. Re6 Rg5 29. c5 Ka7 30. Re8 b6 31. Re7+ Ka6 32. Rc7 Rg4 33. Ke3 bxc5 34. Rxc6+ Kb7 35. Rxc5 Rg1 36. Rxa5 Re1+ 37. Kd3 Rd1+ 38. Ke2 Rb1 39. Rb5+ Kc6 40. Rxe5 Rxb3 41. Re6+ Kc5 42. Rxg6 Rb4 43. Ke3 Rxa4 44. Kf4 Kd4 45. Rd6+ Kc5 46. Rd5+ Kc6 47. Ke5 Ra8 48. f4 Re8+ 49. Kd4 Ra8 50. f5 Ra1 51. f6 Rf1 52. Ke5 Rh1 53. Ke6 Rf1 54. e5 Kc7 55. Ke7 Rf5 56. Rd7+ Kc6 57. Rd6+ Kc7 58. Ke6 Rf1 59. Rd2 Rf3 60. Ke7 Kc6 61. e6 Kc7 62. f7 Rh3 63. Rc2+ Kb7 64. f8=Q Rh7+ 65. Qf7 Rh1 66. Qf3+ 1-0


[Site "https://www.chess.com"]

[Event "Titled Tuesday Blitz July 11 Late 2023"]
[White "KorolDimitriy75"]
[Black "OllieAr"]
[WhiteElo "2442"]
[BlackElo "2296"]
[Result "0-1"]
[Round "5"]
[TimeControl "180+2"]
[Date "2023.07.11"]
[WhiteClock "0:00:00"]
[BlackClock "0:00:59"]
[Board "136"]

1. d4 d5 2. c4 e6 3. Nc3 Nf6 4. Bg5 Nbd7 5. cxd5 exd5 6. e3 c6 7. Bd3 Bd6 8. Qc2 Nf8 9. Nge2 Ng6 10. h3 h6 11. Bxf6 Qxf6 12. O-O O-O 13. e4 dxe4 14. Nxe4 Qe7 15. Nxd6 Qxd6 16. Rad1 Nf4 17. Nxf4 Qxf4 18. Rfe1 Be6 19. Bc4 Bxc4 20. Qxc4 Rad8 21. Re7 Qb8 22. Rd3 Qc8 23. Rf3 Rd5 24. Rfe3 Rd7 25. a4 Qd8 26. Rxd7 Qxd7 27. Rd3 Rd8 28. Rf3 Qd5 29. Qxd5 Rxd5 30. Rf4 g5 31. Re4 Kf8 32. g4 b5 33. Kg2 bxa4 34. Kf3 Rb5 35. Re3 Rxb2 36. Ke4 Rb3 37. Re2 Rxh3 0-1


[Site "https://www.chess.com"]

[Event "Titled Tuesday Blitz July 11 Late 2023"]
[White "Georg, Heinz"]
[Black "Rodriguez Fontecha, Marcos"]
[WhiteFideId "4607295"]
[BlackFideId "2256576"]
[WhiteElo "2277"]
[BlackElo "2414"]
[Result "0-1"]
[Round "5"]
[TimeControl "180+2"]
[Date "2023.07.11"]
[WhiteClock "0:00:00"]
[BlackClock "0:00:10"]
[Board "138"]

1. b4 e6 2. Bb2 d5 3. e3 Nf6 4. b5 c5 5. Nf3 Bd6 6. c4 O-O 7. d4 Nbd7 8. Nbd2 a5 9. Bd3 Qc7 10. O-O b6 11. h3 Bb7 12. Rc1 Rac8 13. cxd5 exd5 14. Bb1 c4 15. Bc3 Ba3 16. Qc2 Bxc1 17. Rxc1 Rfe8 18. Ng5 h6 19. Ngf3 Qd6 20. Qf5 Ne4 21. Nxe4 dxe4 22. Ne5 Nf6 23. Bb2 Bd5 24. g4 Be6 25. Qf4 c3 26. Bxc3 Rxc3 27. Rxc3 Nd5 28. Rc6 Qxc6 29. bxc6 Nxf4 30. exf4 Bd5 31. Kf1 Rc8 32. Ke2 f6 33. Ng6 Kf7 34. f5 Rxc6 35. Nf4 Rc1 36. Nxd5 Rxb1 37. Nc3 Rb2+ 38. Ke3 b5 39. Nxe4 b4 40. d5 Ke7 41. Kd4 Rxa2 42. d6+ Kd7 43. Kd5 Rc2 0-1


[Site "https://www.chess.com"]

[Event "Titled Tuesday Blitz July 11 Late 2023"]
[White "Marchesich, Giovanni"]
[Black "Ncatt"]
[WhiteFideId "2824790"]
[WhiteElo "2265"]
[BlackElo "2413"]
[Result "1-0"]
[Round "5"]
[TimeControl "180+2"]
[Date "2023.07.11"]
[WhiteClock "0:01:29"]
[BlackClock "0:00:52"]
[Board "139"]

1. d4 d5 2. Nc3 Nf6 3. Bf4 a6 4. e3 c5 5. dxc5 Nc6 6. Na4 e5 7. Bg5 Be6 8. Nb6 Rb8 9. c4 Bxc5 10. Nxd5 Bxd5 11. cxd5 Qa5+ 12. Ke2 Qb5+ 13. Kf3 e4+ 14. Kg3 Bd6+ 15. Bf4 Bxf4+ 16. exf4 Qxd5 17. Qxd5 Nxd5 18. Bc4 Nb6 19. Bb3 O-O 20. Ne2 Rfd8 21. Rhc1 Rd2 22. Rc2 Rbd8 23. Nc3 R8d3+ 24. Kg4 Nd4 25. Rxd2 Rxd2 26. Nxe4 Rxb2 27. Rd1 h5+ 28. Kxh5 Nxb3 29. Rd8+ Kh7 30. Ng5# 1-0


[Site "https://www.chess.com"]

[Event "Titled Tuesday Blitz July 11 Late 2023"]
[White "Haitin, Ilja"]
[Black "SicilianPanzer"]
[WhiteFideId "4501764"]
[WhiteElo "2413"]
[BlackElo "2248"]
[Result "0-1"]
[Round "5"]
[TimeControl "180+2"]
[Date "2023.07.11"]
[WhiteClock "0:00:03"]
[BlackClock "0:00:12"]
[Board "140"]

1. Nf3 Nf6 2. b3 g6 3. Bb2 Bg7 4. e3 O-O 5. d4 d6 6. Be2 c6 7. O-O Re8 8. c4 Bf5 9. Nc3 a5 10. Rc1 Ne4 11. h3 Nxc3 12. Bxc3 a4 13. b4 Nd7 14. Nh4 Be4 15. f3 e5 16. fxe4 Qxh4 17. Bf3 Nb6 18. Qd3 d5 19. Be1 dxc4 20. Bxh4 cxd3 21. Bf2 Rad8 22. dxe5 Bxe5 23. Rfd1 a3 24. b5 cxb5 25. Rc5 Na4 26. Rd5 Nc3 27. R1xd3 Nxd5 28. exd5 b4 29. Be1 Bd6 30. Rb3 Rc8 31. Bxb4 Bxb4 32. Rxb4 Rc2 33. d6 Rxa2 34. d7 Rd8 35. Rxb7 Rd2 36. Ra7 a2 37. Kh2 R8xd7 38. Ra8+ Kg7 39. e4 R7d3 40. e5 Re3 41. Ra5 Rxf3 42. e6 fxe6 43. Ra7+ Kh6 44. h4 Rf1 45. Kh3 a1=Q 46. g4 Qc3# 0-1


[Site "https://www.chess.com"]

[Event "Titled Tuesday Blitz July 11 Late 2023"]
[White "Quirke, Jeffrey"]
[Black "Melikhov, Evgeny V."]
[WhiteFideId "2013029"]
[BlackFideId "4122046"]
[WhiteElo "2246"]
[BlackElo "2409"]
[Result "0-1"]
[Round "5"]
[TimeControl "180+2"]
[Date "2023.07.11"]
[WhiteClock "0:00:58"]
[BlackClock "0:00:21"]
[Board "141"]

1. c4 e5 2. g3 d6 3. Bg2 f5 4. Nc3 Nf6 5. Nf3 Be7 6. O-O O-O 7. Rb1 a5 8. d3 c6 9. a3 Na6 10. b4 Nc7 11. b5 Ne6 12. bxc6 bxc6 13. Nh4 Nd4 14. e3 g5 15. exd4 gxh4 16. Bxc6 Ra6 17. Bg2 exd4 18. Ne2 Rb6 19. Bh6 Re8 20. Nxd4 Ng4 21. Bf4 Bf6 22. Nc6 Qc7 23. Rxb6 Qxb6 24. Bxd6 Bb7 25. c5 Qb2 26. Nxa5 Bxg2 27. Kxg2 Ne3+ 28. Kg1 Nxd1 29. Rxd1 h3 30. Nc4 Qe2 31. Rf1 Bd4 32. c6 Qf3 0-1


[Site "https://www.chess.com"]

[Event "Titled Tuesday Blitz July 11 Late 2023"]
[White "Chemin, Justo Reinaldo"]
[Black "Jonkman, Harmen"]
[WhiteFideId "2101580"]
[BlackFideId "1002708"]
[WhiteElo "2243"]
[BlackElo "2408"]
[Result "0-1"]
[Round "5"]
[TimeControl "180+2"]
[Date "2023.07.11"]
[WhiteClock "0:00:00"]
[BlackClock "0:00:16"]
[Board "142"]

1. d4 c6 2. Nf3 d5 3. c4 Nf6 4. e3 a6 5. Nc3 Bg4 6. cxd5 cxd5 7. Qb3 Ra7 8. Ne5 Bd7 9. Nxd5 Be6 10. Qa4+ Nfd7 11. Nf4 Bf5 12. Bd2 f6 13. Nxd7 Nxd7 14. Qb3 e5 15. dxe5 Nc5 16. Qd1 fxe5 17. Nh3 Nd3+ 18. Bxd3 Qxd3 19. Bc3 Qe4 20. O-O Be7 21. Rc1 O-O 22. Qh5 h6 23. Bd2 b5 24. f3 Qd3 25. Bc3 b4 26. Bxe5 Qxe3+ 27. Kh1 Qxe5 28. Rce1 Qf6 0-1


[Site "https://www.chess.com"]

[Event "Titled Tuesday Blitz July 11 Late 2023"]
[White "Sarkar, Justin"]
[Black "Mikhalsky, Vladimir"]
[WhiteFideId "2010011"]
[BlackFideId "14144352"]
[WhiteElo "2239"]
[BlackElo "2408"]
[Result "1-0"]
[Round "5"]
[TimeControl "180+2"]
[Date "2023.07.11"]
[WhiteClock "0:00:05"]
[BlackClock "0:00:07"]
[Board "143"]

1. e4 g6 2. d4 Bg7 3. Nc3 d6 4. Nge2 a6 5. a4 b6 6. g3 Bb7 7. Bg2 Nf6 8. O-O O-O 9. e5 Bxg2 10. exf6 Bxf1 11. fxg7 Kxg7 12. Qxf1 c5 13. Qg2 Ra7 14. Be3 Nd7 15. Rd1 Qa8 16. Qh3 Nf6 17. Bh6+ Kg8 18. Bxf8 Qxf8 19. dxc5 bxc5 20. Nd5 Nxd5 21. Rxd5 Qb8 22. b3 c4 23. g4 Rb7 24. bxc4 Rb1+ 25. Kg2 Qc8 26. c5 Qe6 27. Qf3 Rb4 28. h3 Rxa4 29. cxd6 exd6 30. Nd4 Qe1 31. Rxd6 Ra1 32. Rd8+ Kg7 33. Ne6+ Qxe6 34. Qc3+ Qf6 35. Rg8+ Kxg8 36. Qxf6 Ra2 37. Qd8+ Kg7 38. c4 Rc2 39. c5 Kh6 40. Qd5 a5 41. c6 a4 42. Qe5 Rxc6 43. Qf4+ g5 44. Qxa4 Rf6 45. Qb5 Kg6 46. h4 h6 47. h5+ Kh7 48. Qd7 Rf4 49. Kg3 Kg7 50. Qd6 Rc4 51. Qe5+ Kh7 52. Qe7 Rf4 53. f3 Kg8 54. Qe8+ Kh7 55. Qe5 Rc4 56. Qf6 Rc7 57. f4 gxf4+ 58. Kxf4 Rc4+ 59. Kf5 Rc5+ 60. Ke4 Rc4+ 61. Kd5 Rxg4 62. Qf5+ Kg7 63. Qxg4+ Kf6 64. Qf4+ Ke7 65. Ke5 f6+ 66. Qxf6+ 1-0


[Site "https://www.chess.com"]

[Event "Titled Tuesday Blitz July 11 Late 2023"]
[White "Kopacz, Grzegorz"]
[Black "Bouget, Alexandre"]
[WhiteFideId "1109880"]
[BlackFideId "681318"]
[WhiteElo "2228"]
[BlackElo "2407"]
[Result "0-1"]
[Round "5"]
[TimeControl "180+2"]
[Date "2023.07.11"]
[WhiteClock "0:01:00"]
[BlackClock "0:01:11"]
[Board "144"]

1. d4 g6 2. c4 Bg7 3. Nc3 c5 4. d5 Bxc3+ 5. bxc3 f5 6. Nf3 Qa5 7. Qc2 d6 8. Bd2 Nd7 9. e4 Nb6 10. exf5 Bxf5 11. Bd3 Bxd3 12. Qxd3 Qa4 13. Rb1 O-O-O 14. Ng5 Qxc4 15. Qxc4 Nxc4 16. Nf7 Nf6 17. Nxh8 Rxh8 18. Ke2 Nxd5 19. Kd3 Ne5+ 20. Kc2 Rf8 21. Rhf1 Nc4 22. f3 Nce3+ 23. Bxe3 Nxe3+ 24. Kd3 Nxf1 25. Rxf1 b5 26. Re1 Kd7 27. h4 Rf4 28. Rh1 h5 29. Ke3 e5 30. g3 Ra4 31. Rh2 Ra3 32. g4 Rxc3+ 33. Ke4 Ke6 34. gxh5 d5# 0-1


[Site "https://www.chess.com"]

[Event "Titled Tuesday Blitz July 11 Late 2023"]
[White "ArturoCaceres"]
[Black "Lalanne, Pablo"]
[BlackFideId "112151"]
[WhiteElo "2358"]
[BlackElo "2407"]
[Result "1-0"]
[Round "5"]
[TimeControl "180+2"]
[Date "2023.07.11"]
[WhiteClock "0:00:34"]
[BlackClock "0:00:00"]
[Board "145"]

1. e4 c5 2. Nf3 d6 3. c3 Nf6 4. Bd3 Nc6 5. O-O e6 6. Bc2 c4 7. Qe2 b5 8. a4 Na5 9. axb5 Bd7 10. Na3 Qc7 11. d4 cxd3 12. Qxd3 d5 13. b4 dxe4 14. Qd2 exf3 15. bxa5 fxg2 16. Rd1 Bc5 17. b6 axb6 18. axb6 Qxb6 19. Nc4 Bxf2+ 20. Kxg2 Bc6+ 21. Kh3 Qc5 22. Rxa8+ Ke7 23. Ba3 Rxa8 24. Bxc5+ Bxc5 25. Ne5 Bd5 26. c4 Ra3+ 27. Kh4 h6 28. Bd3 g5+ 29. Kh3 Be4 30. Qe2 h5 31. Rf1 g4+ 32. Kh4 Bxd3 33. Nxd3 Bd4 34. Ne5 Ne8 35. Nc6+ Kf8 36. Nxd4 Rh3+ 37. Kg5 f6+ 38. Rxf6+ Nxf6 39. Kxf6 1-0


[Site "https://www.chess.com"]

[Event "Titled Tuesday Blitz July 11 Late 2023"]
[White "Nikologorsky, Matfei"]
[Black "Broca Jimenez, Fernando"]
[WhiteFideId "24102474"]
[BlackFideId "5104742"]
[WhiteElo "2407"]
[BlackElo "2224"]
[Result "0-1"]
[Round "5"]
[TimeControl "180+2"]
[Date "2023.07.11"]
[WhiteClock "0:00:04"]
[BlackClock "0:00:32"]
[Board "146"]

1. e4 e5 2. Nf3 Nc6 3. Bb5 a6 4. Ba4 Nf6 5. O-O Be7 6. c3 Nxe4 7. Re1 b5 8. Rxe4 bxa4 9. Nxe5 Nxe5 10. Rxe5 O-O 11. d4 Bf6 12. Re1 Bb7 13. Qxa4 Re8 14. Be3 Bg5 15. Nd2 Bxe3 16. fxe3 Qg5 17. d5 Rxe3 18. Qxd7 Bxd5 19. g3 Rxg3+ 20. Kf1 Rg1+ 21. Ke2 Rg2+ 22. Kf1 Qf4+ 23. Nf3 Qxf3# 0-1


[Site "https://www.chess.com"]

[Event "Titled Tuesday Blitz July 11 Late 2023"]
[White "Bazzano, Sebastian"]
[Black "Gertler, David"]
[WhiteFideId "104566"]
[BlackFideId "2017377"]
[WhiteElo "2217"]
[BlackElo "2399"]
[Result "0-1"]
[Round "5"]
[TimeControl "180+2"]
[Date "2023.07.11"]
[WhiteClock "0:00:00"]
[BlackClock "0:02:02"]
[Board "147"]

1. d4 Nf6 2. Bf4 c5 3. dxc5 Na6 4. Qd4 Qa5+ 5. c3 Qxc5 6. Qxc5 Nxc5 7. Nd2 d6 8. Ngf3 g6 9. e3 Bg7 10. Bb5+ Bd7 11. Bxd7+ Nfxd7 12. Ke2 O-O 13. Rhd1 b5 14. Bg5 Rfe8 15. Nd4 Na4 16. Rab1 a6 17. e4 Kf8 18. f3 b4 19. Rdc1 Rec8 20. N2b3 bxc3 0-1


[Site "https://www.chess.com"]

[Event "Titled Tuesday Blitz July 11 Late 2023"]
[White "Oliveira, Tiago Batista"]
[Black "Carrasco Miranda, Andres"]
[WhiteFideId "2108291"]
[BlackFideId "3405990"]
[WhiteElo "2164"]
[BlackElo "2397"]
[Result "0-1"]
[Round "5"]
[TimeControl "180+2"]
[Date "2023.07.11"]
[WhiteClock "0:00:00"]
[BlackClock "0:00:25"]
[Board "148"]

1. d4 Nf6 2. c4 g6 3. Nc3 d5 4. cxd5 Nxd5 5. e4 Nxc3 6. bxc3 Bg7 7. Be3 c5 8. Rc1 O-O 9. Nf3 Bg4 10. Be2 cxd4 11. cxd4 Qa5+ 12. Qd2 Qxd2+ 13. Nxd2 Bxe2 14. Kxe2 Nc6 15. d5 Ne5 16. f4 Ng4 17. Bc5 Rfe8 18. h3 Nf6 19. Rhd1 e6 20. d6 e5 21. Kf3 exf4 22. Kxf4 Bh6+ 23. Kf3 Bxd2 24. Rxd2 Nxe4 25. Rdc2 Nxc5 26. Rxc5 Rad8 27. Rc7 Rxd6 28. Rxb7 Ra6 29. Rcc7 Rxa2 30. Rxf7 Rf8 31. Rxf8+ Kxf8 32. Rxh7 Ra5 33. h4 Rf5+ 34. Ke4 Rf7 35. Rh8+ Kg7 36. Ra8 Rb7 37. g4 Rb4+ 38. Kf3 Ra4 39. g5 Kf7 40. Kg3 Ke6 41. Re8+ Kf7 42. Ra8 Ra1 43. Kg4 Ra3 44. h5 Ra4+ 45. Kg3 gxh5 46. Rh8 Kg6 47. Rg8+ Kf5 48. g6 Rg4+ 49. Kf3 Rxg6 50. Rh8 Kg5 51. Ra8 a6 52. Rb8 Kh4 53. Rb4+ Kh3 54. Rb2 a5 55. Ra2 Rg5 56. Kf4 Rb5 57. Ra3+ Kg2 58. Ra2+ Kf1 59. Kf3 Rf5+ 60. Ke4 Rg5 61. Kf4 Rg4+ 62. Kf3 Kg1 63. Rxa5 Rh4 64. Rg5+ Kh2 65. Rg6 Ra4 66. Rg8 h4 67. Kf2 h3 68. Kf1 Ra1+ 69. Kf2 Ra2+ 70. Kf1 Rg2 71. Rh8 Kg3 72. Rg8+ Kf3 73. Rf8+ Ke4 74. Re8+ Kf5 75. Rh8 Kg4 76. Rg8+ Kf3 77. Rf8+ Kg3 78. Rg8+ Kh2 79. Rh8 Ra2 80. Rg8 Kh1 81. Rg7 Ra1+ 82. Kf2 h2 83. Rg8 Rg1 84. Rh8 Rg7 85. Rh6 Rf7+ 86. Ke1 Kg2 87. Rg6+ Kf3 88. Rh6 Ra7 0-1


[Site "https://www.chess.com"]

[Event "Titled Tuesday Blitz July 11 Late 2023"]
[White "Toktomushev, Teimur"]
[Black "KSho99"]
[WhiteFideId "14176726"]
[WhiteElo "2393"]
[BlackElo "2216"]
[Result "1-0"]
[Round "5"]
[TimeControl "180+2"]
[Date "2023.07.11"]
[WhiteClock "0:00:18"]
[BlackClock "0:00:50"]
[Board "149"]

1. d4 d5 2. c4 dxc4 3. e3 Nf6 4. Bxc4 e6 5. Nf3 c5 6. O-O a6 7. Be2 b6 8. b3 Bb7 9. Bb2 Be7 10. dxc5 Bxc5 11. Qxd8+ Kxd8 12. Nc3 b5 13. Ne5 Ke7 14. Bf3 Bxf3 15. gxf3 Nfd7 16. Ne4 Bb6 17. Ba3+ Ke8 18. Nd6+ Kf8 19. Rac1 Nxe5 20. Rc8+ Ke7 21. Rxh8 Nxf3+ 22. Kg2 Nh4+ 23. Kh3 Ng6 24. Nc8+ Kf6 25. Nxb6 Nxh8 26. Nxa8 1-0


[Site "https://www.chess.com"]

[Event "Titled Tuesday Blitz July 11 Late 2023"]
[White "Prieto Aranguren, Alain"]
[Black "Khouri, Ahmed Abbas"]
[WhiteFideId "2268906"]
[BlackFideId "9301518"]
[WhiteElo "2393"]
[BlackElo "2155"]
[Result "0-1"]
[Round "5"]
[TimeControl "180+2"]
[Date "2023.07.11"]
[WhiteClock "0:00:43"]
[BlackClock "0:00:37"]
[Board "150"]

1. e4 d5 2. exd5 Qxd5 3. Nc3 Qd6 4. Nf3 Nf6 5. Bc4 Bg4 6. h3 Bh5 7. d3 Nbd7 8. Be3 c6 9. Qd2 e6 10. O-O-O b5 11. Bb3 a5 12. Bf4 Qc5 13. Ne4 Qb6 14. a3 a4 15. Ba2 b4 16. Nd6+ Bxd6 17. Bxd6 b3 18. cxb3 axb3 19. Bb1 c5 20. Bf4 O-O 21. g4 Bg6 22. g5 Nd5 23. Nh4 Bh5 24. Rdg1 Rfc8 25. Be3 Qb7 26. Qe2 Bxe2 27. Re1 c4 28. Kd2 cxd3 29. Bxd3 Bxd3 30. Kxd3 Rc2 31. Bd4 Nf4+ 32. Ke3 Ng2+ 33. Nxg2 Qxg2 34. Rhg1 Qxh3+ 35. Rg3 Qf5 36. Bc3 e5 37. Rf3 Qxg5+ 38. Kd3 Nc5+ 39. Kc4 Qg4+ 40. Kxc5 Qxf3 41. Rg1 f6 42. Re1 Rxc3+ 43. Kb4 Rb8+ 44. Ka4 Qa8# 0-1


[Site "https://www.chess.com"]

[Event "Titled Tuesday Blitz July 11 Late 2023"]
[White "Campos, Maria Jose"]
[Black "cycygogne"]
[WhiteFideId "146803"]
[WhiteElo "2390"]
[BlackElo "2123"]
[Result "1-0"]
[Round "5"]
[TimeControl "180+2"]
[Date "2023.07.11"]
[WhiteClock "0:00:10"]
[BlackClock "0:00:21"]
[Board "152"]

1. c4 c5 2. g3 g6 3. Bg2 Bg7 4. Nc3 Nc6 5. d3 e6 6. h4 Nge7 7. h5 d5 8. h6 Bf6 9. cxd5 exd5 10. Nf3 Bg4 11. Nh2 Be6 12. e3 Qd7 13. g4 O-O-O 14. Kf1 Rhe8 15. f4 Kb8 16. g5 Bh8 17. Qf3 Nf5 18. Na4 Qd6 19. Ng4 Nb4 20. Ke2 Qc6 21. Nc3 Qa6 22. Rd1 Nc6 23. Kf2 Nh4 24. Qg3 Nxg2 25. Kxg2 d4 26. Ne4 dxe3 27. Nxc5 Qb6 28. Bxe3 Qxb2+ 29. Nf2 Bd5+ 30. Kh2 Rxe3 31. Qxe3 Bd4 32. Rab1 Bxe3 33. Na6+ Kc8 34. Rxb2 bxa6 35. Nh3 Bd4 36. Rc2 Kd7 37. Rb1 Rb8 38. Re1 Rb2 39. Rxb2 Bxb2 40. Rb1 Bd4 41. Rb7+ Kd6 42. Kg3 Bb6 43. a4 Nd8 44. Rb8 Nc6 45. Rh8 Bb3 46. Rxh7 Bxa4 47. Rxf7 Bb3 48. h7 Bd4 49. Rf6+ Kd7 50. h8=Q Bxf6 51. Qxf6 a5 52. Qxg6 a4 53. Qf5+ Kd6 54. g6 a3 55. Qf6+ Kc5 56. Ng5 a2 57. Ne4+ Kb4 58. g7 1-0


[Site "https://www.chess.com"]

[Event "Titled Tuesday Blitz July 11 Late 2023"]
[White "Tsukerman, Julia"]
[Black "Cooklev, Steven"]
[WhiteFideId "2621649"]
[BlackFideId "2050552"]
[WhiteElo "2089"]
[BlackElo "2387"]
[Result "0-1"]
[Round "5"]
[TimeControl "180+2"]
[Date "2023.07.11"]
[WhiteClock "0:00:00"]
[BlackClock "0:00:03"]
[Board "153"]

1. e4 c5 2. Nf3 Nc6 3. d4 cxd4 4. Nxd4 e5 5. Nb5 d6 6. N1c3 a6 7. Na3 Be7 8. Nd5 Nf6 9. Nxf6+ Bxf6 10. c3 O-O 11. Nc4 Be6 12. Nxd6 Qc7 13. Nf5 Rfd8 14. Qf3 b5 15. Be2 Na5 16. O-O Nc4 17. Bxc4 bxc4 18. h4 Rab8 19. h5 Rd3 20. Qe2 Qd7 21. Ne3 Bg5 22. Kh1 h6 23. a3 Bf4 24. Kg1 Qe7 25. g3 Bh3 26. Re1 Qg5 27. Ng2 Bxc1 28. Raxc1 Bg4 29. Qc2 Qxh5 30. b4 Bf3 31. Re3 Rxe3 32. fxe3 Rd8 33. Qf2 Qg4 34. Rf1 Be2 35. Qxf7+ Kh8 36. Rf2 Rd1+ 37. Kh2 Qh5+ 38. Qxh5 Bxh5 39. Nh4 Rc1 0-1


[Site "https://www.chess.com"]

[Event "Titled Tuesday Blitz July 11 Late 2023"]
[White "Djordjevic, Dejan N"]
[Black "EsmeraldasAnderson03"]
[WhiteFideId "913316"]
[WhiteElo "2085"]
[BlackElo "2386"]
[Result "1-0"]
[Round "5"]
[TimeControl "180+2"]
[Date "2023.07.11"]
[WhiteClock "0:00:19"]
[BlackClock "0:00:00"]
[Board "154"]

1. e4 c5 2. Nc3 e6 3. g3 d5 4. exd5 exd5 5. d4 cxd4 6. Qxd4 Be6 7. Nf3 Nc6 8. Qd1 Bb4 9. a3 Bxc3+ 10. bxc3 Nge7 11. Bg2 O-O 12. O-O Rc8 13. Nd4 Nxd4 14. cxd4 Qc7 15. Ra2 Nf5 16. Bd2 Nxd4 17. Bb4 Qc4 18. Bxf8 Ne2+ 19. Kh1 Nc3 20. Qe1 Nxa2 21. Bd6 Qxc2 22. Be5 Nc3 23. Qe3 Nb5 24. a4 Nc3 25. Rc1 Qb2 26. Bxc3 Qa3 27. Bd2 Rxc1+ 28. Bxc1 Qxa4 29. h3 b5 30. Kh2 a5 31. Qb6 h6 32. Be3 b4 33. Qd8+ Kh7 34. Bxd5 Bxd5 35. Qxd5 Qc2 36. Qxf7 b3 37. Bd4 1-0


[Site "https://www.chess.com"]

[Event "Titled Tuesday Blitz July 11 Late 2023"]
[White "Semenova, Alina"]
[Black "micke12a"]
[WhiteFideId "24113875"]
[WhiteElo "2067"]
[BlackElo "2382"]
[Result "0-1"]
[Round "5"]
[TimeControl "180+2"]
[Date "2023.07.11"]
[WhiteClock "0:00:01"]
[BlackClock "0:01:09"]
[Board "155"]

1. e4 c5 2. Nf3 d6 3. d4 cxd4 4. Nxd4 Nf6 5. Nc3 g6 6. f3 Bg7 7. Be3 O-O 8. Be2 Nc6 9. O-O Nxd4 10. Bxd4 Be6 11. Nd5 Bxd5 12. exd5 Qa5 13. c4 Nd7 14. Bxg7 Kxg7 15. Qd4+ Kg8 16. a3 Qc5 17. Rfd1 a5 18. Kf1 Rfc8 19. Qe4 Re8 20. Rd3 Ne5 21. Rb3 b6 22. Rb5 Qc7 23. Qd4 Nd7 24. b4 axb4 25. axb4 Rxa1+ 26. Qxa1 e6 27. Qd4 exd5 28. Rxd5 Re6 29. f4 Nf6 30. Rg5 Qe7 31. Bf3 Ne4 32. Bxe4 Rxe4 33. Qd3 Rxf4+ 0-1


[Site "https://www.chess.com"]

[Event "Titled Tuesday Blitz July 11 Late 2023"]
[White "Davidson, Kevin"]
[Black "Geske, Bruna"]
[WhiteFideId "2056810"]
[BlackFideId "4701100"]
[WhiteElo "2371"]
[BlackElo "2035"]
[Result "1-0"]
[Round "5"]
[TimeControl "180+2"]
[Date "2023.07.11"]
[WhiteClock "0:00:52"]
[BlackClock "0:00:46"]
[Board "156"]

1. e4 c5 2. Nf3 Nc6 3. d4 cxd4 4. Nxd4 Nf6 5. Nc3 e5 6. Ndb5 d6 7. Nd5 Nxd5 8. exd5 Nb8 9. c4 Be7 10. Bd3 O-O 11. O-O f5 12. f3 Bd7 13. Nc3 Be8 14. Be3 Nd7 15. b4 b6 16. Qd2 Bg6 17. Rac1 Rc8 18. Nb5 a6 19. Na7 Rc7 20. Nc6 Qe8 21. Rfe1 f4 22. Bf2 Bxd3 23. Qxd3 Rb7 24. c5 bxc5 25. Qxa6 Rc7 26. bxc5 dxc5 27. Nxe7+ Qxe7 28. d6 Nb8 29. Qc4+ Qf7 30. dxc7 1-0


[Site "https://www.chess.com"]

[Event "Titled Tuesday Blitz July 11 Late 2023"]
[White "Villuendas Valero, Adrian"]
[Black "Funderburg, John T"]
[WhiteFideId "2262460"]
[BlackFideId "2004992"]
[WhiteElo "2370"]
[BlackElo "1997"]
[Result "1-0"]
[Round "5"]
[TimeControl "180+2"]
[Date "2023.07.11"]
[WhiteClock "0:00:58"]
[BlackClock "0:00:00"]
[Board "157"]

1. d4 Nf6 2. c4 e6 3. Nc3 Bb4 4. e3 O-O 5. Ne2 Re8 6. a3 Bf8 7. Bd2 d6 8. Ng3 e5 9. d5 c6 10. Bd3 Nbd7 11. O-O cxd5 12. cxd5 Nc5 13. Bc2 a5 14. b4 Na6 15. bxa5 Nc5 16. Nce4 Nfxe4 17. Nxe4 Nxe4 18. Bxe4 f5 19. Bd3 e4 20. Bb5 Bd7 21. Qb3 Be7 22. Rab1 Rb8 23. a4 Bf6 24. Bc3 Bxc3 25. Qxc3 Qe7 26. Qc7 Red8 27. Bxd7 Qxd7 28. Qxd7 Rxd7 29. Rb6 Rc8 30. g3 Rc4 31. a6 bxa6 32. Rxa6 Kf7 33. Rb1 1-0


[Site "https://www.chess.com"]

[Event "Titled Tuesday Blitz July 11 Late 2023"]
[White "Curtis, John"]
[Black "Salazar Farias, Luis German"]
[WhiteFideId "3200256"]
[BlackFideId "3902170"]
[WhiteElo "1994"]
[BlackElo "2368"]
[Result "0-1"]
[Round "5"]
[TimeControl "180+2"]
[Date "2023.07.11"]
[WhiteClock "0:00:14"]
[BlackClock "0:00:08"]
[Board "158"]

1. e4 c6 2. d4 d5 3. Nc3 dxe4 4. Nxe4 Nf6 5. Nc3 Bf5 6. Bd3 Bxd3 7. Qxd3 e6 8. Nf3 Nbd7 9. O-O Be7 10. Bg5 O-O 11. Rad1 Re8 12. Bxf6 Nxf6 13. Rfe1 Qa5 14. a3 Rad8 15. Qc4 Nd5 16. Nxd5 Qxd5 17. Qxd5 Rxd5 18. c3 Red8 19. Rc1 c5 20. dxc5 Bxc5 21. Kf1 g5 22. h3 Kg7 23. Ke2 Kf6 24. Rc2 h5 25. b4 Bb6 26. Nd2 g4 27. hxg4 hxg4 28. c4 Re5+ 29. Kf1 Rxe1+ 30. Kxe1 Rd3 31. c5 Bc7 32. Rc3 Rxc3 33. Ne4+ Ke5 34. Nxc3 a6 35. Kd2 Kd4 36. Kc2 f5 37. Ne2+ Kc4 38. g3 Be5 39. Nc1 Bd4 40. Nd3 e5 41. Nb2+ Bxb2 42. Kxb2 f4 43. Kc2 fxg3 44. fxg3 e4 45. Kd2 Kb3 46. Ke3 Kxa3 47. Kxe4 Kxb4 48. Kf4 Kxc5 49. Kxg4 a5 50. Kf4 a4 51. g4 a3 52. g5 a2 53. g6 a1=Q 54. g7 Qxg7 0-1


[Site "https://www.chess.com"]

[Event "Titled Tuesday Blitz July 11 Late 2023"]
[White "Burke, Paul"]
[Black "BrandonJiang123456"]
[WhiteFideId "2605767"]
[WhiteElo "1906"]
[BlackElo "2226"]
[Result "0-1"]
[Round "5"]
[TimeControl "180+2"]
[Date "2023.07.11"]
[WhiteClock "0:00:00"]
[BlackClock "0:00:06"]
[Board "159"]

1. e4 e5 2. Nf3 Nc6 3. Bc4 Bc5 4. b4 Bxb4 5. c3 Ba5 6. d4 b5 7. Bb3 exd4 8. O-O d6 9. cxd4 Nge7 10. Ng5 d5 11. exd5 Nxd5 12. Qf3 Be6 13. Nxe6 fxe6 14. Be3 Nce7 15. a4 b4 16. Nd2 Nf5 17. Nc4 c6 18. Ne5 Rc8 19. Rac1 Qd6 20. g4 Nfe7 21. Nf7 Qc7 22. Nxh8 Kd7 23. Nf7 Rf8 24. Ne5+ Ke8 25. Qg2 Qd6 26. Bxd5 exd5 27. Qg3 Bc7 28. f4 b3 29. Rb1 Qb4 30. Rb2 Qc3 31. Rfb1 Bxe5 32. dxe5 d4 33. Bf2 d3 34. Rxb3 Qc4 0-1


[Site "https://www.chess.com"]